Cogmind - Beta 13 @@@ ROGUE MODE // 2024.04.10 @ 14:03:18 Player: bruderalex Result: Destroyed by G-47 Trooper with Particle Gun Performance ------------- Evolutions (0) 0 Regions Visited (1) 200 Robots Destroyed (12) 60 Value Destroyed (331) 331 Prototype IDs (0) 0 Alien Tech Used (0) 0 Bonus (0) 0 TOTAL SCORE: 591 Bonus ------- None Cogmind --------- Core Integrity 0/250 Matter 340/450 Energy 250/250 System Corruption 3% Temperature Cool (19) Movement Core (1500) Ox29 Location -10/Materials Parts ------- > --- POWER (1) -------- Ion Engine > --- PROPULSION (2) --- Light Treads > --- UTILITY (2) ------ Huge Storage Unit Large Matter Pod > --- WEAPON (2) ------- Light Assault Rifle Light Assault Rifle > --- INVENTORY (25) --- Light Treads Light Treads Light Treads Light Treads Wheel Tractor Beam Tractor Beam Light Assault Rifle Light Assault Rifle Peak State ------------ > --- POWER ------------ Light Ion Engine > --- PROPULSION ------- Light Treads Light Treads > --- UTILITY ---------- Medium Storage Unit Terrain Scan Processor > --- WEAPON ----------- Assault Rifle Light Assault Rifle > --- INVENTORY -------- Light Treads Light Treads Wheel Wheel Light Assault Rifle [Rating: 8] Favorites ----------- Power Ion Engine Engine Ion Engine Propulsion Light Treads Treads Light Treads Wheel Wheel Utility Medium Storage Unit Storage Medium Storage Unit Processor Terrain Scan Processor Weapon Light Assault Rifle Ballistic Gun Light Assault Rifle Build | -11 -10 ------- Run | Yrd Mat Slots Evolved . | . . Power . | . . Propulsion . | . . Utility . | . . Weapon . | . . Parts Attached 17 | 6 11 Power 3 | 1 2 Engine 3 | 1 2 Core . | . . Reactor . | . . Propulsion 4 | 2 2 Treads 3 | 2 1 Leg . | . . Wheel 1 | . 1 Hover . | . . Flight . | . . Utility 7 | 1 6 Device . | . . Storage 6 | 1 5 Processor 1 | . 1 Hackware . | . . Protection . | . . Artifact . | . . Weapon 3 | 2 1 Energy Gun . | . . Energy Cannon . | . . Ballistic Gun 3 | 2 1 Ballistic Cannon . | . . Launcher . | . . Special Weapon . | . . Impact Weapon . | . . Slashing Weapon . | . . Piercing Weapon . | . . Special Melee Weapon . | . . Unidentified Prototypes . | . . Parts Lost 3 | . 3 Power 1 | . 1 Propulsion 1 | . 1 Utility . | . . Weapon 1 | . 1 Highest Loss Streak 2 | . 2 To Critical Strikes . | . . Average Slot Usage (%) 96 | . 96 Engine 14 | . 14 Treads 22 | . 22 Wheel 4 | . 4 Storage 22 | . 22 Processor 2 | . 2 Ballistic Gun 28 | . 28 Naked Turns . | . . Heaviest Build 91 | 11 91 Greatest Support 40 | 40 40 Greatest Overweight (x) 9 | . 9 Average Overweight (x) 2 | . 2 Largest Inventory Capacity 25 | 8 25 Average Capacity 14 | 6 15 Most Carried 10 | 2 10 Average Carried 6 | 1 6 Final Capacity 25 | 8 25 Final Carried 9 | 2 9 Class Distribution -------------------- 100% | Mutant Dominant Class ---------------- Mutant | -10/Materials Resources | -11 -10 ----------- Run | Yrd Mat Matter Collected 595 | 202 393 Remotely . | . . Salvage Created 361 | . 361 Parts 27 | . 27 Haulers Intercepted . | . . Recyclers Shooed . | . . Parts Field Recycled . | . . Retrieved Matter . | . . Parts Self-Destructed . | . . Prevented . | . . Kills | -11 -10 ------- Run | Yrd Mat Combat Hostiles Destroyed 10 | . 10 Guns 10 | . 10 Classes Destroyed 4 | . 4 Worker 1 | . 1 Builder 1 | . 1 Swarmer 2 | . 2 Grunt 8 | . 8 Best Kill Streak 3 | . 3 Combat Bots Only 3 | . 3 Max Kills in Single Turn 1 | . 1 Gunslinging . | . . Exploded . | . . Melee . | . . Uniques/NPCs Destroyed . | . . Combat | -11 -10 -------- Run | Yrd Mat Hostile Shots Fired 83 | . 83 Missed 22 | . 22 Damage Taken 862 | . 862 Core 252 | . 252 Absorbed by Shields . | . . Core Remaining (%) 100 | 100 . Volleys Fired 48 | . 48 Largest 2 | . 2 Hottest 40 | . 40 Shots Fired 96 | . 96 Gun 96 | . 96 Cannon . | . . Launcher . | . . Special . | . . Kinetic 96 | . 96 Thermal . | . . Explosive . | . . Electromagnetic . | . . Robot Hit Streak 10 | . 10 Robot Miss Streak 5 | . 5 Penetration Max . | . . Secondary Targets 1 | . 1 Max Gunslinging Chain 1 | . 1 Shots Hit Robots 69 | . 69 Core Hits 26 | . 26 Critical Kills . | . . Critical Parts Destroyed . | . . Critical Strikes . | . . Melee Attacks . | . . Impact . | . . Slashing . | . . Piercing . | . . Sneak Attacks . | . . Combat Hostiles . | . . Follow-up Attacks . | . . Damage Inflicted 814 | . 814 Guns 691 | . 691 Cannons . | . . Explosions 103 | . 103 Melee . | . . Ramming 20 | . 20 Kinetic 691 | . 691 Thermal 103 | . 103 Explosive . | . . Electromagnetic . | . . Impact . | . . Slashing . | . . Piercing . | . . Highest Corruption 3 | . 3 Average Corruption 2 | . 2 Corruption Purged . | . . Corruption Blocked . | . . Effects 16 | . 16 Message Errors 4 | . 4 Matter Fused 5 | . 5 Heat Flow Errors 2 | . 2 Energy Discharges 2 | . 2 Data Loss (minor) 3 | . 3 Overload Shots . | . . Overflow Damage 12 | . 12 Projectiles . | . . Explosions 12 | . 12 Melee . | . . Knockbacks . | . . Impact . | . . Kinetic . | . . Secondary . | . . Self-Inflicted Damage 105 | . 105 Shots 2 | . 2 Rammed 5 | . 5 Targets Rammed 6 | . 6 Kicked . | . . Crushed 1 | . 1 Highest Temperature 208 | . 208 Average Temperature 26 | . 26 Received Heat Transfer 399 | . 399 Siege Activations . | . . Robots Corrupted . | . . Combat Hostiles . | . . Parts Fried . | . . Impact Corruptions . | . . Robots Melted . | . . Combat Hostiles . | . . Parts Melted . | . . Heat Transferred 100 | . 100 Parts Sabotaged . | . . Parts Stolen . | . . Parts Stripped . | . . Power Chain Reactions . | . . Alert | -11 -10 ------- Run | Yrd Mat Peak Influence 123 | . 123 Initial . | . . Average 35 | . 38 Maximum Alert Level . | . . Low Security (%) 100 | 100 100 Level 1 . | . . Level 2 . | . . Level 3 . | . . Level 4 . | . . Level 5 . | . . High Security . | . . Max Security . | . . Squads Dispatched 1 | . 1 Investigation 1 | . 1 Extermination . | . . Reinforcement . | . . Assault . | . . Garrison . | . . Intercept . | . . Searches Triggered . | . . Construction Impeded . | . . Haulers Reinforced . | . . Active Scanning Responses . | . . Cargo Convoy Interrupts . | . . Stealth | -11 -10 --------- Run | Yrd Mat Distress Signals 1 | . 1 Communications Jammed . | . . Distress Signals . | . . Times Spotted 22 | . 22 Peak Tracking Total 4 | . 4 Tactical Retreats . | . . Traps | -11 -10 ------- Run | Yrd Mat Traps Triggered 4 | . 4 Indirectly . | . . Trap Hack Attempts . | . . Triggered . | . . Disarmed . | . . Reprogrammed . | . . Reused . | . . Traps Extracted . | . . Installed . | . . Triggered . | . . Machines | -11 -10 ---------- Run | Yrd Mat Machines Disabled 2 | . 2 Max in Single Turn 2 | . 2 Machines Repaired . | . . Machines Dismantled . | . . Machines Sabotaged . | . . Overloaded Fab Kills . | . . Hacking | -11 -10 --------- Run | Yrd Mat Machines Accessed 1 | . 1 Terminals 1 | . 1 Fabricators . | . . Repair Stations . | . . Recycling Units . | . . Scanalyzers . | . . Garrison Access . | . . Total Hacks 1 | . 1 Successful 1 | . 1 Failed . | . . Catastrophic . | . . Database Lockouts . | . . Manual . | . . Terminals 1 | . 1 Fabricators . | . . Repair Stations . | . . Recycling Units . | . . Scanalyzers . | . . Garrison Access . | . . Terminal Hacks 1 | . 1 Alert Level 1 | . 1 Fabricator Hacks . | . . Repair Station Hacks . | . . Recycling Unit Hacks . | . . Scanalyzer . | . . Garrison Access Hacks . | . . Unauthorized Hacks . | . . Terminals . | . . Fabricators . | . . Repair Stations . | . . Recycling Units . | . . Scanalyzers . | . . Garrison Access . | . . Data Cores Recovered . | . . Used . | . . Hacking Detections . | . . Full Trace Events . | . . Feedback Events . | . . Feedback Blocked . | . . Robot Schematics Acquired . | . . Robots Built . | . . Authchips . | . . Time . | . . Total Robot Build Rating . | . . Part Schematics Acquired . | . . Parts Built . | . . Authchips . | . . Time . | . . Total Part Build Rating . | . . Parts Repaired . | . . Time . | . . Parts Recycled . | . . Recycled Matter . | . . Retrieved Matter . | . . Retrieved Components . | . . Parts Scanalyzed . | . . Part Schematics Acquired . | . . Parts Damaged . | . . Bothacking | -11 -10 ------------ Run | Yrd Mat Used RIF Installer . | . . Robots Hacked . | . . Non-combat . | . . Combat . | . . Robot Hacks Applied . | . . Relay Couplers Released . | . . Fabnet Peak Effective % . | . . Robots Rewired . | . . Allies Hacked . | . . Hacks Repelled . | . . Allies | -11 -10 -------- Run | Yrd Mat Total Allies . | . . Largest Group . | . . Highest-Rated Group . | . . Highest-Rated Ally . | . . Total Orders . | . . Ally Attacks . | . . Total Damage . | . . Kills . | . . Allies Corrupted . | . . Allies Melted . | . . Intel | -11 -10 ------- Run | Yrd Mat Robot Analysis Total . | . . Derelict Logs Recovered . | . . Drone Launches . | . . Drone Recoveries . | . . Exploration | -11 -10 ------------- Run | Yrd Mat Turns Passed 1528 | 113 1415 Spaces Moved 687 | 69 618 Core 14 | 14 . Treads 488 | 55 433 Legs . | . . Wheels 185 | . 185 Hover . | . . Flight . | . . Fastest Speed 50 | 50 160 Average Speed 172 | 137 176 Slowest Speed 320 | 160 320 Overloaded Moves . | . . Propulsion Burnouts . | . . Robots Hopped . | . . Cave-ins Triggered . | . . Exploration Rate (%) 45 | 4 86 Regions Visited 1 Branch Regions . Pre-discovered Areas . | . . Known Exits Taken . | . . Unknown Exits Taken 1 | 1 . Scrap Searched . | . . Spaces Dug . | . . Terrain Destroyed 35 | . 35 Melee . | . . Projectile . | . . AOE 35 | . 35 Terrain Rammed . | . . Walls Destroyed . | . . Machines Disabled . | . . Actions | -11 -10 --------- Run | Yrd Mat Total 936 | 84 852 Wait 160 | 8 152 Move 686 | 68 618 Hop . | . . Pick Up 11 | 2 9 Fast Attach 9 | 6 3 Attach 4 | . 4 Detach 4 | . 4 Swap 4 | . 4 Drop 4 | . 4 Fire 48 | . 48 Melee . | . . Ram 2 | . 2 Kick . | . . Crush 4 | . 4 Escape Stasis . | . . Rewire . | . . Trap . | . . Miscellaneous . | . . Route ------- -11/Scrapyard -10/Materials (discovered 5 exits: [*Mat x3] / [*Min x2]) History --------- Turn | Location | Event 8 | -11/Scrapyard | Discovered new exit (range 14) 114 | -11/Scrapyard | Entered Materials 301 | -10/Materials | Build established: Mutant 780 | -10/Materials | Discovered new exit (range 16) 969 | -10/Materials | Discovered new exit (range 16) 1120 | -10/Materials | Discovered new exit (range 13) 1121 | -10/Materials | Core integrity fell below 50% 1193 | -10/Materials | Discovered new exit (range 15) 1435 | -10/Materials | Discovered new exit (range 16) 1516 | -10/Materials | Core integrity fell below 20% 1529 | -10/Materials | Destroyed by G-47 Trooper with Particle Gun Last Messages --------------- 01258_ Slammed into U-05 Engineer. 01265_ System corrupted: Matter fused (-5). 01281_ System corrupted: Matter fused (-10). 01307_ Connecting with Recycling Unit... 01352_ System corrupted: Heat flow error (+228). 01381_ System corrupted: Component data lost. 01382_ S-10 Pest destroyed. 01387_ Acquired 19 matter. 01390_ Acquired 10 matter. 01392_ Acquired 14 matter. 01396_ Acquired Lgt. Assault Rifle. 01412_ T-07 Excavator is excavating. 01435_ EXIT=FOUND 01453_ T-07 Excavator is excavating. 01479_ System corrupted: Matter fused (-9). 01499_ G-34 Mercenary destroyed. 01501_ System corrupted: Energy discharge (-50). 01507_ Assault Rifle destroyed. 01511_ Critical hit (Burn: +37). 01513_ Wheel destroyed. Map ----- +----------------------------------------------------+ | | | | | | | | | | | | | | | | | | | | | | | | | | | | | | | | | | | ?????????????????????????????????????????????????? | | ?????????????????????????????????????????????????? | | ?????????????????????????????????????????????????? | | ??????##############################?????????????? | | ??????# #?????????????? | | ??????# < =#?????????????? | | ??????# !% =* #?????????????? | | ?????????#+###### ######g####### ==#?????????????? | | ?????????????# #?# [@ ## = #?????????????? | | ?????????????# ##?# """ ## #?????????????? | | ?????????????# ##??# """ ## #?????????????? | | ?????????????####????# """ #T #?????????????? | | ?????????????????????# ## ###########???? | | ?????????????????????# """ ## # #???? | | ?????????????????????# """ ## # "" #???? | | ?????????????????????# """ ## # "Y #???? | | ?????????????????????# ## # "" #??## | | ???????????????????############# + """ #?##! | | #####????????????? # """ #?#! | | #????????????? # """ #?# | | #????????????? # #?#! | | #???????????????"" ^ ^ ###########?#! | | #???????????????"" ^ #???????????##! | | " #???????????????"T """ !!#????????????## | | " #???????????????"" """ ! ############### | | " ######???????????" ? """ | | + ??? ######## | | #+#########????????? #??????? | | #????????????????## ######+##### #??????? | | #?????????????????## #???????????# #??????? | | #??????????????????# ????????????# #??????? | | #??????##########??# ?????????????# +??????? | | #??????# % #??# ??????????????# ##?????? | +----------------------------------------------------+ Best States ------------- Heat Dissipation 25 Energy Generation 10 Energy Capacity 250 Matter Stores 393 Matter Capacity 450 Sight Range 16 Terrain Scan Density 85 Evasion (%) 50 Recoil Reduction 2 Item Schematics ----------------- None Robot Schematics ------------------ None Fabricated ------------ Nothing Alien Tech Used ----------------- None Achievements -------------- None Challenges ------------ None Game ------ Seed CargoSiegePlating Manual? 0 Play Time 00:12:10 Cumulative 9.8 hours Start 2024.04.10 @ 09:34:44 End 2024.04.10 @ 14:03:18 Sessions 2 Manual Loads 0 Difficulty Rogue Special Mode None Game No. 27 Rogue 21 Adventurer 6 Explorer 0 Win Type - Total 0 Types 0/0/0/0/0/0/0/0/0 Lore% 15 Gallery% 18 Achievement% 16 Wizard Run 0 Options --------- Layout 0 ASCII 0 Keyboard 1 Movement Numpad Keybinds 0 Fullscreen 1 Font 18/SmallcapsGlow Map View 76x50 Zoom Use 0% Tactical HUD 1 Map Filters NONE Filters NONE Steam 1 RUN: 6a59e667-0590-41c0-8c48-af3771b6745b